 Dungeon Crawl Stone Soup version 0.22.1-2-g9c5b331383 (webtiles) character file.

2205 Froggeryz the Chiller (level 9, 0/78 HPs)
             Began as a Naga Ice Elementalist on Jan 5, 2019.
             Was an Elder of Cheibriados.
             Shot with an arrow by a centaur (2 damage)
             ... on level 8 of the Dungeon.
             The game lasted 00:23:53 (7188 turns).

Froggeryz the Chiller (Naga Ice Elementalist)       Turns: 7188, Time: 00:23:54

Health: 0/78       AC:  7    Str: 19    XL:     9   Next: 34%
Magic:  20/26      EV: 12    Int: 28    God:    Cheibriados [****..]
Gold:   290        SH:  0    Dex: 21    Spells: 18/19 levels left

rFire    + . .     SeeInvis +   i - +0 quarterstaff
rCold    . . .     Gourm    .   (shield currently unavailable)
rNeg     . . .     Faith    .   a - +0 robe
rPois    +         Spirit   .   (no helmet)
rElec    .         Reflect  .   m - +1 cloak
rCorr    .         Harm     .   q - +0 pair of gloves
MR       +....                  (no barding)
Stlth    ++++......             (no amulet)
HPRegen  0.23/turn              p - ring of protection from fire
MPRegen  0.20/turn              t - ring of magical power

@: very slow
A: large, see invisible, deformed body, poison resistance, slowness 2, slow
metabolism 1, spit poison 1, AC +3
a: Spit Poison, Bend Time, Temporal Distortion, Slouch, Renounce Religion


You were on level 8 of the Dungeon.
You worshipped Cheibriados.
Cheibriados was greatly pleased with you.
You were hungry.

You visited 1 branch of the dungeon, and saw 8 of its levels.
You also visited: Ossuary.

You collected 398 gold pieces.
You spent 108 gold pieces at shops.

Inventory:

Hand Weapons
 i - a +0 quarterstaff (weapon)
 u - a +2 dagger of venom
Missiles
 e - 3 needles of confusion
 n - 4 curare-tipped needles
 D - 5 javelins (quivered)
Armour
 a - a +0 robe (worn)
 m - a +1 cloak (worn)
 q - a +0 pair of gloves (worn)
Jewellery
 p - a ring of protection from fire (left hand)
 t - a ring of magical power (right hand)
 F - an uncursed ring of protection from cold {unknown}
Wands
 d - a wand of paralysis (7)
 E - a wand of scattershot (4)
 G - a wand of iceblast (7)
Scrolls
 b - 3 scrolls of identify
 f - a scroll of fog
 g - 3 scrolls of remove curse {unknown}
 j - 3 scrolls of enchant weapon
 o - a scroll of amnesia
 r - a scroll of blinking
 v - 2 scrolls of fear {unknown}
 y - 2 scrolls of immolation {unknown}
 z - a scroll of magic mapping {unknown}
 C - 2 scrolls of enchant armour
Potions
 h - 3 potions of curing
 k - 2 potions of flight {unknown}
 l - 2 potions of lignification {unknown}
 s - 2 potions of heal wounds
 w - 4 potions of might
 x - a potion of haste {unknown}
 B - a potion of agility {unknown}
Comestibles
 c - 13 rations
 H - a chunk of flesh


   Skills:
 - Level 4.0 Fighting
 + Level 1.7 Staves
 - Level 4.0 Dodging
 + Level 7.1 Stealth
 + Level 5.8 Spellcasting
   Level 1.0 Conjurations
 + Level 7.6 Ice Magic


You had 18 spell levels left.
You knew the following spells:

 Your Spells              Type           Power        Failure   Level  Hunger
a - Freeze                Ice            ####         1%          1    None

Your spell library contained the following spells:

 Spells                   Type           Power        Failure   Level  Hunger
 Throw Frost              Conj/Ice       ####..       1%          2    None
 Ozocubu's Armour         Chrm/Ice       ####....     3%          3    None
 Throw Icicle             Conj/Ice       ####....     11%         4    ###....
 Summon Ice Beast         Ice/Summ       ####....     13%         4    ###....


Dungeon Overview and Level Annotations

Branches:
Dungeon (8/15)             Temple (0/1) D:7
   Lair: D:8-11

Altars:
Cheibriados
Dithmenos
Fedhas
Gozag
Qazlal
Sif Muna

Shops:
D:4 [   D:6 ?   D:8 *

Annotations:
D:4 3 runed doors, DEFINITELYNOTMATTIAS's ghost, amateur GrEE
D:5 Blork the orc; Menkaure


Innate Abilities, Weirdness & Mutations

You cannot wear boots.
Your serpentine skin is tough. (AC +3)
You have supernaturally acute eyesight. (SInv)
Armour fits poorly on your strangely shaped body.
Your system is resistant to poisons. (rPois)
You cover ground very slowly.
You have a slow metabolism.
You can spit poison.


Message History

Confirm with . or Enter, or press ? or * to list all spells.
Aiming: Freeze (safe; 1% risk of failure)
Press: ? - help, Shift-Dir - straight line, f/p - orc priest
Aim: an orc priest, wielding a dagger (almost dead)
You freeze the orc priest.
The orc priest is almost dead.
The two-headed ogre hits you with a giant spiked club!!
* * * LOW HITPOINT WARNING * * *
The two-headed ogre hits you with a giant club!
* * * LOW HITPOINT WARNING * * *
The orc priest hits you but does no damage.
Your surroundings suddenly seem different.
An orc wizard comes into view. It is wielding a dagger.
The orc wizard shouts!
A centaur comes into view.
The centaur shouts!
A worker ant comes into view.
The worker ant twitches its antennae in your direction.
The centaur wields a shortbow.
The centaur shoots an arrow.
The arrow hits you.
You die...

#.....
#...##
##. # ##
#+.### .
#....##
#
#....8##
+@.So..#
#..ca..+
##8....#
#....#
##.+# ##


You could see a centaur, a worker ant, an orc wizard and an adder.

Vanquished Creatures
  A wyvern (D:7)
  2 sky beasts (D:7)
  3 phantoms
  3 ogres
  A centaur (D:7)
  A big kobold (D:8)
  2 bullfrogs (D:7)
  2 scorpions
  2 howler monkeys
  A centaur zombie (Ossuary)
  3 hounds
  A jelly (D:7)
  A bullfrog skeleton (D:4)
  2 orc priests
  A centaur skeleton (D:6)
  Crazy Yiuf (D:2)
  4 iguanas
  4 orc wizards
  2 worker ants
  A big kobold zombie (Ossuary)
  3 hound skeletons
  2 mummies (Ossuary)
  A howler monkey zombie (D:6)
  4 gnolls (D:2)
  5 adders
  A shadow imp (D:8)
  An ooze (D:1)
  2 adder zombies
  2 adder skeletons
  3 worms
  A dart slug (D:1)
  5 leopard geckos
  10 orcs
  2 ball pythons
  12 giant cockroaches
  8 goblins
  17 hobgoblins
  8 jackals
  7 kobolds
  7 bats
  5 frilled lizards
  3 goblin zombies (Ossuary)
  7 hobgoblin zombies (Ossuary)
  2 jackal zombies (Ossuary)
  12 kobold zombies (Ossuary)
  8 orc zombies (Ossuary)
  A quokka zombie (D:7)
  7 rats
  A rat zombie (Ossuary)
185 creatures vanquished.

Vanquished Creatures (others)
  31 fungi (D:8)
  10 plants (D:8)
  8 toadstools (D:5)
49 creatures vanquished.

Grand Total: 234 creatures vanquished

Notes
Turn   | Place    | Note
-------+----------+-------------------------------------------
     0 | D:1      | Froggeryz the Naga Ice Elementalist began the quest for the
                  | Orb.
     0 | D:1      | Reached XP level 1. HP: 15/15 MP: 3/3
   128 | D:1      | Reached XP level 2. HP: 14/22 MP: 0/5
   867 | D:1      | Reached XP level 3. HP: 13/28 MP: 4/6
  1559 | D:2      | Reached XP level 4. HP: 32/36 MP: 6/8
  2011 | D:2      | Found a runed door.
  2094 | D:2      | Reached XP level 5. HP: 28/42 MP: 5/10
  2282 | D:2      | Found a shadowy altar of Dithmenos.
  2369 | D:2      | Found a deep blue altar of Sif Muna.
  2475 | D:2      | Noticed Crazy Yiuf
  2481 | D:2      | Killed Crazy Yiuf
  2936 | D:3      | Found a stormy altar of Qazlal.
  3243 | D:4      | Reached skill level 1 in Fighting
  3243 | D:4      | Reached XP level 6. HP: 45/51 MP: 10/12
  3254 | D:4      | Found Caedwauh's Armour Emporium.
  3259 | D:4      | Reached skill level 5 in Ice Magic
  3288 | D:4      | Bought a +0 pair of gloves for 63 gold pieces
  3513 | D:4      | Found a runed gate.
  3513 | D:4      | Found a runed gate.
  3513 | D:4      | Found a runed gate.
  3542 | D:4      | Noticed DEFINITELYNOTMATTIAS's ghost (amateur GrEE)
  3589 | D:4      | Reached skill level 1 in Staves
  3589 | D:4      | Reached XP level 7. HP: 44/61 MP: 13/13
  3630 | D:4      | Found a snail-covered altar of Cheibriados.
  3841 | D:4      | Became a worshipper of Cheibriados the Contemplative
  3852 | D:5      | Entered Level 5 of the Dungeon
  3877 | D:5      | Noticed Menkaure
  4001 | D:5      | Noticed Blork the orc
  4235 | D:6      | Found an opulent altar of Gozag.
  4412 | D:6      | Reached * piety under Cheibriados
  4415 | D:6      | Found a sand-covered staircase.
  4420 | Ossuary  | Entered an ossuary
  4680 | Ossuary  | Reached ** piety under Cheibriados
  4825 | D:6      | Found Koekis's Magic Scroll Shoppe.
  4848 | D:6      | Reached XP level 8. HP: 37/72 MP: 14/14
  4876 | D:6      | Bought a scroll of teleportation for 45 gold pieces
  5238 | D:7      | Reached *** piety under Cheibriados
  5470 | D:7      | Noticed a wyvern
  5479 | D:7      | Killed a wyvern
  5556 | D:7      | Reached skill level 5 in Spellcasting
  5563 | D:7      | Reached skill level 5 in Stealth
  5622 | D:7      | Found a staircase to the Ecumenical Temple.
  5968 | D:7      | Reached XP level 9. HP: 70/78 MP: 17/17
  6043 | D:7      | Found a blossoming altar of Fedhas.
  7029 | D:8      | Reached **** piety under Cheibriados
  7155 | D:8      | Found Ypaekhly's General Store.
  7177 | D:8      | Noticed a two-headed ogre
  7187 | D:8      | HP: 1/78 [two-headed ogre/giant spiked club (7)]
  7188 | D:8      | Shot with an arrow by a centaur

Skill      XL: |  1  2  3  4  5  6  7  8  9 |
---------------+----------------------------+-----
Spellcasting   | 3 4 5 |  5.8
Ice Magic      | 4 5 6 7 |  7.6
Fighting       | 1 2 4 |  4.0
Staves         | 1 |  1.7
Dodging        | 2 3 4 |  4.0
Stealth        | 6 7 |  7.1
Conjurations   | |  1.0

Action                   |  1- 3 |  4- 6 |  7- 9 || total
-------------------------+-------+-------+-------++-------
Melee: Unarmed           |     7 |       |     2 ||     9
       Short sword       |    79 |    35 |       ||   114
       Quarterstaff      |       |    65 |   315 ||   380
       Dagger            |       |       |    20 ||    20
 Cast: Freeze            |    20 |    30 |    70 ||   120
 Abil: Spit Poison       |     7 |    14 |    19 ||    40
Evoke: Wand              |       |       |     4 ||     4
  Use: Potion            |       |     1 |       ||     1
       Scroll            |       |     1 |     9 ||    10
 Stab: Sleeping          |     4 |     5 |     7 ||    16
       Confused          |       |     1 |       ||     1
       Paralysed         |       |       |     9 ||     9
       Distracted        |       |       |     1 ||     1
  Eat: Chunk             |     1 |     7 |     9 ||    17
Armor: Robe              |    21 |    49 |   139 ||   209
Dodge: Dodged            |    68 |    71 |   243 ||   382
